Get step-by-step instructions on how to execute this build order below. Start the game timer, and the build order will tick by so you can play in parallel with StarCraft on a second screen or mobile device.

Game Time

  0:00

Last Step

  N/A

Next Step

Upcoming Step



Don't want to look back and forth between 2 screens? Try out our Overwolf App, the Spawning Tool Build Advisor to get an in-game overlay with this build!

Complete Build Order

  12  0:00  Probe  
  13  0:12  Probe  
  14  0:18  Pylon  
  14  0:24  Probe (Chrono Boost)  
  15  0:36  Probe (Chrono Boost)  
  15  0:41  Gateway  
  16  0:45  Probe (Chrono Boost)  
  16  0:48  Assimilator  
  17  0:50  Probe  
  18  1:03  Probe  
  19  1:15  Probe  
  20  1:24  Nexus  
  20  1:34  Cybernetics Core  
  20  1:38  Probe  
  21  1:43  Assimilator  
  21  1:50  Probe  
  21  1:53  Pylon  
  22  2:03  Probe  
  23  2:08  Adept (Chrono Boost)  
  23  2:15  Probe  
  26  2:19  Stargate  
  26  2:24  Warp Gate  
  26  2:27  Probe (Chrono Boost)  
  26  2:29  Adept (Chrono Boost)  
  29  2:37  Probe (Chrono Boost)  
  31  2:45  Probe (Chrono Boost)  
  31  2:46  Probe (Chrono Boost)  
  33  2:51  Probe x2 (Chrono Boost), Adept  
  36  3:00  Oracle (Chrono Boost)  
  36  3:03  Probe  
  36  3:04  Probe  
  41  3:12  Pylon  
  41  3:15  Probe  
  41  3:17  Probe  
  43  3:27  Probe  
  43  3:28  Gateway  
  43  3:29  Probe  
  43  3:30  Assimilator  
  43  3:32  Assimilator  
  45  3:39  Probe  
  45  3:41  Probe  
  47  3:42  Robotics Facility  
  47  3:53  Probe x2 (Chrono Boost)  
  49  3:58  Twilight Council  
  49  4:04  Pylon  
  49  4:05  Probe (Chrono Boost)  
  49  4:08  Gateway  
  49  4:09  Probe (Chrono Boost)  
  51  4:11  Gateway  
  51  4:12  Probe (Chrono Boost)  
  51  4:16  Probe  
  53  4:23  Probe  
  54  4:27  Warp Prism (Chrono Boost)  
  54  4:29  Adept x2  
  60  4:35  Pylon  
  60  4:38  Templar Archives  
  60  4:51  Nexus  
  60  4:53  Probe  
  60  4:54  Probe  
  60  4:59  Pylon  
  62  5:05  Probe  
  62  5:06  Probe  
  64  5:15  Forge  
  64  5:17  High Templar x3  
  64  5:18  High Templar, Probe x2  
  74  5:21  Archon x2  
  74  5:24  Immortal (Chrono Boost)  
  78  5:30  Probe x2  
  76  5:42  Probe x2  
  74  5:45  Shield Battery  
  74  5:49  Protoss Ground Weapons Level 1  
  74  5:54  Probe x2  
  76  6:01  Immortal (Chrono Boost)  
  80  6:06  Probe  
  80  6:07  Probe x2  
  83  6:15  Sentry x2  
  83  6:17  Assimilator  
  88  6:18  Probe  
  88  6:19  Assimilator  
  88  6:20  Stalker, Pylon  
  88  6:22  Charge  
  88  6:23  Probe x2  
  92  6:26  Pylon  
  92  6:30  Probe  
  93  6:35  Immortal (Chrono Boost)  
  93  6:37  Pylon  
  97  6:42  Probe  
  97  6:46  Sentry  
  100  6:50  Gateway  
  100  6:51  Gateway  
  100  6:55  Gateway, Zealot x3  
  100  6:56  Gateway, Psionic Storm  
  100  6:59  Pylon  
  106  7:04  Immortal (Chrono Boost)  
  106  7:07  Probe  
  111  7:09  Probe  
  111  7:10  Probe  
  111  7:13  Photon Cannon  
  113  7:18  Phoenix (Chrono Boost)  
  113  7:21  High Templar x2  
  119  7:24  Photon Cannon  
  119  7:26  Archon, Photon Cannon  
  119  7:32  Photon Cannon  
  119  7:35  Pylon, Phoenix (Chrono Boost)  
  121  7:40  High Templar  
  123  7:46  High Templar  
  123  7:49  Photon Cannon  
  125  7:51  Photon Cannon  
  125  7:52  Phoenix (Chrono Boost)  
  125  7:53  Pylon, Probe  
  125  7:55  Pylon  
  125  7:57  Protoss Ground Weapons Level 2 (Chrono Boost)  
  128  8:01  Zealot x2  
  131  8:10  Probe  
  130  8:14  Phoenix (Chrono Boost)  
  130  8:15  High Templar  
  130  8:19  Zealot x4  
  142  8:29  Pylon  
  142  8:30  Pylon  
  142  8:35  Probe  
  142  8:36  Nexus, Phoenix  
  142  8:37  Probe  
  140  8:44  High Templar x2  
  140  8:45  Zealot x4  
  146  8:55  Probe  
  143  9:02  Immortal  
  141  9:08  High Templar  
  140  9:11  Stalker x4  
  140  9:12  Zealot  
  140  9:15  Probe  
  151  9:17  Pylon  
  151  9:19  Pylon  
  141  9:42  Stalker x2  
  141  9:43  Stalker  
  141  9:49  Archon x2  
  141  9:51  Immortal  
  141  9:52  Stalker x5  
  131  9:53  Probe  
  131  9:54  Probe  
  131  9:57  Probe  
  111  10:00  Probe  
  99  10:16  High Templar x2, Zealot x2  
  99  10:17  Zealot x4  
  115  10:25  Probe  
  117  10:32  Shield Battery  
  117  10:33  Photon Cannon